 Dungeon Crawl Stone Soup version 0.23.2-33-g5129a83 (webtiles) character file.

Game seed: 6988279392387347348

4093 Derrs the Bolt Thrower (level 10, -6/114 HPs)
             Began as a Human Wanderer on July 11, 2019.
             Was a Priest of Dithmenos.
             Mangled by a slime creature (7 damage)
             ... on level 11 of the Dungeon.
             The game lasted 01:35:09 (7418 turns).

Derrs the Bolt Thrower (Human Wanderer)             Turns: 7418, Time: 01:35:10

Health: -6/114     AC: 12    Str: 19    XL:     10   Next: 50%
Magic:  10/10      EV: 15    Int: 15    God:    Dithmenos [***...]
Gold:   250        SH:  0    Dex: 16    Spells: 6/9 levels left

rFire    . . .     SeeInvis .   b - +2 short sword (flame)
rCold    . . .     Gourm    .   (no shield)
rNeg     . . .     Faith    .   c - +0 ring mail
rPois    .         Spirit   .   m - +0 helmet
rElec    .         Reflect  .   i - +1 cloak
rCorr    .         Harm     .   T - +0 pair of gloves
MR       .....                  K - +0 pair of boots
Stlth    ..........             I - amulet of regeneration
HPRegen  0.69/turn              j - +4 ring of dexterity
MPRegen  0.12/turn              F - ring of stealth

@: berserking, wreathed by umbra, very quick
A: no striking features
a: Shadow Step, Renounce Religion


You were on level 11 of the Dungeon.
You worshipped Dithmenos.
Dithmenos was most pleased with you.
You were not hungry.

You visited 2 branches of the dungeon, and saw 12 of its levels.

You collected 474 gold pieces.
You spent 224 gold pieces at shops.

Inventory:

Hand Weapons
 a - a +2 hand crossbow
 b - a +2 short sword of flaming (weapon)
 N - a +0 blowgun
 P - a +0 shortbow
Missiles
 d - 28 poisoned needles
 e - 46 bolts
 k - 181 arrows
 x - 96 sling bullets
 A - 11 tomahawks (quivered)
 Z - 6 steel tomahawks
Armour
 c - a +0 ring mail (worn)
 i - a +1 cloak (worn)
 m - a +0 helmet (worn)
 n - a cursed +0 large shield
 K - a +0 pair of boots (worn)
 T - a +0 pair of gloves (worn)
 V - a +0 pair of gloves
Magical Staves
 G - an uncursed staff of earth {unknown}
 X - an uncursed staff of cold {unknown}
Jewellery
 j - a +4 ring of dexterity (left hand)
 p - a +2 ring of strength
 C - an uncursed amulet of the acrobat
 E - an uncursed ring of magical power
 F - a ring of stealth (right hand)
 I - an amulet of regeneration (around neck)
 L - an uncursed amulet of faith
 U - an uncursed amulet of the gourmand {unknown}
Wands
 S - a wand of flame (16)
Scrolls
 g - 4 scrolls of blinking {unknown}
 q - 4 scrolls of teleportation {unknown}
 s - 3 scrolls of fear {unknown}
 v - 2 scrolls of remove curse
 y - 2 scrolls of amnesia {unknown}
 B - a scroll of immolation {unknown}
 D - 6 scrolls of noise {unknown}
 M - a scroll of magic mapping {unknown}
 O - a scroll of enchant weapon {unknown}
 W - a scroll of acquirement {unknown}
 Y - a scroll of vulnerability {unknown}
Potions
 l - a potion of mutation {unknown}
 o - 6 potions of curing
 r - 3 potions of flight
 t - 3 potions of ambrosia
 w - a potion of berserk rage
 z - a potion of heal wounds
 H - a potion of might {unknown}
 Q - a potion of agility {unknown}
 R - a potion of resistance {unknown}
Miscellaneous
 h - a sack of spiders
Comestibles
 f - 6 rations


   Skills:
 + Level 6.2 Fighting
 + Level 5.4 Short Blades
 + Level 7.5 Crossbows
 + Level 2.4 Throwing
 + Level 5.4 Armour
 * Level 5.9 Dodging
 * Level 6.1 Stealth
 + Level 1.0 Shields
 * Level 1.4 Conjurations


You had 6 spell levels left.
You knew the following spells:

 Your Spells              Type           Power        Failure   Level  Hunger
a - Blink                 Tloc           N/A          54%         2    ###....
b - Magic Dart            Conj           #...         24%         1    ##.....

Your spell library contained the following spells:

 Spells                   Type           Power        Failure   Level  Hunger
 Searing Ray              Conj           #.....       36%         2    ###....
 Call Imp                 Summ           #.......     54%         2    ###....
 Corpse Rot               Necr           N/A          54%         2    ###....
 Slow                     Hex            #.......     54%         2    ###....
 Conjure Flame            Conj/Fire      #.......     69%         3    ####...
 Dazzling Spray           Conj/Hex       #.....       69%         3    ####...
 Stone Arrow              Conj/Erth      #.....       69%         3    ####...
 Mephitic Cloud           Conj/Pois/Air  #.......     73%         3    ####...
 Iskenderun's Mystic Bla  Conj           #.......     94%         4    #####..
 Force Lance              Conj/Tloc      #.......     97%         4    #####..
 Fulminant Prism          Conj/Hex       #.........   97%         4    #####..
 Leda's Liquefaction      Hex/Erth       #.........   99%         4    #####..
 Summon Forest            Summ/Tloc      #.........   100%        5    ######.
 Hydra Form               Tmut           #.........   100%        6    #######
 Summon Hydra             Summ           #.........   100%        7    #######


Dungeon Overview and Level Annotations

Branches:
Dungeon (12/15)            Temple (1/1) D:5            Lair (0/6) D:10
    Orc: D:9-12

Altars:
Ashenzari
Cheibriados
Dithmenos
Elyvilon
Gozag
Hepliaklqana
Kikubaaqudgha
Nemelex Xobeh
Okawaru
Qazlal
Ru
Sif Muna
Trog
Uskayaw
Vehumet
Wu Jian
Xom
Yredelemnul
The Shining One
Jiyva

Shops:
D:6 %   D:7 (([**

Annotations:
D:8 4 runed translucent doors
D:12 Jorgrun


Message History

The slime creature hits you.
You see here a bolt.
You hear a grinding noise.
There is a stone staircase leading up here.
The slime creature hits you! x2
* * * LOW HITPOINT WARNING * * *
The slime creature closely misses you.
You climb upwards. 3 skeletal warriors come into view.
A skeletal warrior is wielding a +0 war axe of chopping.
There is a stone staircase leading down here.
You feel much better. The slime creature hits you!
The skeletal warrior hits you from afar with a +0 halberd of protection.
The slime creature closely misses you. The slime creature hits you!
* * * LOW HITPOINT WARNING * * *
A red film seems to cover your vision as you go berserk!
You feel yourself moving faster!
You feel mighty! The slime creature hits you!
* * * LOW HITPOINT WARNING * * *
The slime creature hits you!
You die...

######### #####
......J@# #...#
.#####JJ#########...####
.zzzz...............
......................
.............z..........
###..############z.#####
... #####..##### ....
.........>...
###..#####...


You could see 4 skeletal warriors and 3 slime creatures.

Vanquished Creatures
  2 hungry ghosts
  An orc warrior (D:8)
  3 sky beasts
  An ice beast (D:3)
  A black bear (D:6)
  A phantom (D:7)
  A necrophage (D:7)
  2 centaurs
  4 ogres
  2 crocodiles
  8 bullfrogs
  3 scorpions
  4 wights (D:8)
  4 howler monkeys
  5 crimson imps
  A gnoll shaman (D:4)
  3 hounds
  3 jellies
  2 centaur skeletons
  2 orc priests
  8 orc wizards
  4 bullfrog skeletons
  Jessica (D:2)
  8 worker ants
  A hound skeleton (D:4)
  A hound zombie (D:5)
  Robin (D:2)
  8 gnolls
  11 adders
  3 shadow imps
  An ooze (D:3)
  6 worms
  2 dart slugs (D:1)
  3 leopard geckos
  27 orcs
  3 ball pythons (D:3)
  4 bats
  6 giant cockroaches
  17 goblins
  8 hobgoblins
  8 jackals
  4 quokkas
  2 frilled lizards
  7 kobolds
  6 rats
203 creatures vanquished.

Vanquished Creatures (others)
  A sky beast (D:6)
1 creature vanquished.

Grand Total: 204 creatures vanquished

Notes
Turn   | Place    | Note
-------+----------+-------------------------------------------
     0 | D:1      | Derrs the Human Wanderer began the quest for the Orb.
     0 | D:1      | Derrs set off with the following items: a +2 hand crossbow,
                  | 26 bolts, a +0 ring mail, 7 poisoned needles, a +0 blowgun,
                  | a ration
     0 | D:1      | Reached XP level 1. HP: 19/19 MP: 1/1
    92 | D:1      | Reached XP level 2. HP: 12/25 MP: 2/2
   264 | D:1      | Reached skill level 1 in Dodging
   508 | D:1      | Reached XP level 3. HP: 30/30 MP: 3/3
   770 | D:2      | Found a radiant altar of Vehumet.
   974 | D:2      | Noticed Jessica
   986 | D:2      | Killed Jessica
   986 | D:2      | Reached skill level 2 in Crossbows
   986 | D:2      | Reached XP level 4. HP: 38/38 MP: 4/4
  1037 | D:2      | Noticed Robin
  1084 | D:2      | Killed Robin
  1097 | D:2      | Reached skill level 3 in Crossbows
  1225 | D:2      | Learned a level 2 spell: Blink
  1227 | D:2      | Learned a level 1 spell: Magic Dart
  1496 | D:3      | Reached XP level 5. HP: 40/43 MP: 5/5
  1897 | D:3      | Found a deep blue altar of Sif Muna.
  1899 | D:3      | Found a stormy altar of Qazlal.
  1901 | D:3      | Found a sacrificial altar of Ru.
  1901 | D:3      | Found an ornate altar of the Wu Jian Council.
  1904 | D:3      | Found a white marble altar of Elyvilon.
  1906 | D:3      | Found a basalt altar of Yredelemnul.
  2216 | D:3      | Found a shadowy altar of Dithmenos.
  2246 | D:3      | Became a worshipper of Dithmenos the Shadowed
  2487 | D:3      | Found a snail-covered altar of Cheibriados.
  2567 | D:4      | Reached XP level 6. HP: 47/49 MP: 6/6
  2615 | D:4      | Reached skill level 4 in Crossbows
  2615 | D:4      | Reached skill level 1 in Stealth
  2908 | D:4      | Reached * piety under Dithmenos
  3297 | D:5      | Entered Level 5 of the Dungeon
  3306 | D:5      | Reached XP level 7. HP: 53/55 MP: 7/7
  3362 | D:5      | Found a staircase to the Ecumenical Temple.
  3428 | D:5      | Reached skill level 5 in Crossbows
  3473 | D:5      | Reached skill level 5 in Fighting
  3847 | Temple   | Entered the Ecumenical Temple
  3946 | D:5      | Reached XP level 8. HP: 62/62 MP: 8/8
  4330 | D:5      | Reached skill level 6 in Crossbows
  5022 | D:6      | Reached XP level 9. HP: 36/68 MP: 9/9
  5057 | D:6      | Reached skill level 1 in Short Blades
  5127 | D:6      | Found Wuxaot's Food Shop.
  5182 | D:6      | Found a snail-covered altar of Cheibriados.
  5749 | D:7      | Found Nummei's General Store.
  5777 | D:7      | Found Ruurghab's Antique Armour Boutique.
  5794 | D:7      | Bought a pair of gloves for 99 gold pieces
  5834 | D:7      | Found Atwos's Weapon Shoppe.
  5843 | D:7      | Bought 19 bolts for 45 gold pieces
  5879 | D:7      | Reached skill level 5 in Armour
  5955 | D:7      | Found a deep blue altar of Sif Muna.
  5993 | D:7      | Reached ** piety under Dithmenos
  5993 | D:7      | Reached skill level 5 in Stealth
  6089 | D:7      | Found Wumoez's Weapon Shoppe.
  6092 | D:7      | Bought 15 bolts for 39 gold pieces
  6092 | D:7      | Bought 16 bolts for 41 gold pieces
  6201 | D:7      | Found Lesuitse's General Store.
  6241 | D:7      | Reached skill level 5 in Dodging
  6383 | D:7      | Reached skill level 7 in Crossbows
  6383 | D:7      | Reached XP level 10. HP: 74/75 MP: 10/10
  6529 | D:8      | Found a shattered altar of Ashenzari.
  6779 | D:8      | Found a large runed translucent door.
  6779 | D:8      | Found a large runed translucent door.
  6785 | D:8      | Noticed a five-headed hydra
  6820 | D:8      | Reached skill level 5 in Short Blades
  7031 | D:8      | Found a large runed translucent door.
  7031 | D:8      | Found a large runed translucent door.
  7072 | D:8      | Reached *** piety under Dithmenos
  7085 | D:8      | Reached skill level 1 in Conjurations
  7180 | D:8      | You fall through a shaft for 2 floors!
  7180 | D:10     | Entered Level 10 of the Dungeon
  7195 | D:10     | Found a staircase to the Lair.
  7195 | D:10     | Noticed an elephant
  7226 | D:11     | Noticed a skeletal warrior
  7227 | D:11     | Noticed a skeletal warrior
  7231 | D:11     | Noticed a two-headed ogre
  7384 | D:12     | Found a sparkling altar of Nemelex Xobeh.
  7411 | D:12     | Noticed Jorgrun
  7416 | D:11     | Noticed a skeletal warrior
  7416 | D:11     | Noticed a skeletal warrior
  7416 | D:11     | Noticed a skeletal warrior
  7418 | D:11     | HP: 1/114 [slime creature (12)]
  7418 | D:11     | Mangled by a slime creature

Skill      XL: |  1  2  3  4  5  6  7  8  9 10 |
---------------+-------------------------------+-----
Dodging        | 1 2 3 4 5 |  5.9
Crossbows      | 2 3 4 5 6 7 |  7.5
Stealth        | 1 2 4 5 6 |  6.1
Fighting       | 5 6 |  6.2
Armour         | 4 5 |  5.4
Throwing       | 2 |  2.4
Short Blades   | 4 5 |  5.4
Conjurations   | 1 |  1.4
Shields        | |  1.0

Action                   |  1- 3 |  4- 6 |  7- 9 | 10-12 || total
-------------------------+-------+-------+-------+-------++-------
Melee: Short sword       |       |       |   235 |   141 ||   376
       Rapier            |       |       |     8 |       ||     8
 Fire: Hand crossbow     |    63 |   179 |   189 |    56 ||   487
       Blowgun           |       |     6 |       |       ||     6
Throw: Tomahawk          |       |       |    34 |     2 ||    36
       Throwing net      |       |       |     1 |       ||     1
  Use: Scroll            |       |     7 |     2 |       ||     9
       Potion            |       |       |       |     2 ||     2
 Stab: Sleeping          |       |       |     1 |     6 ||     7
       Distracted        |       |       |     1 |       ||     1
  Eat: Chunk             |       |     6 |     5 |     4 ||    15
       Ration            |       |       |     2 |       ||     2
Armor: Ring mail         |    20 |    52 |   160 |    30 ||   262
Dodge: Dodged            |    24 |    76 |   283 |    83 ||   466
